 Dungeon Crawl Stone Soup version 0.24-a0-170-gd8427f5 (webtiles) character file.

Game seed: 7550020312703095292

1705 tilp the Destroyer (level 8, -10/70 HPs)
             Began as a Pale Draconian Conjurer on Mar 9, 2019.
             Was a Follower of Vehumet.
             Mangled by Duvessa
             ... wielding a +4 short sword of protection
              (14 damage)
             ... on level 7 of the Dungeon.
             The game lasted 00:29:13 (8189 turns).

tilp the Destroyer (Pale Draconian Conjurer)        Turns: 8189, Time: 00:29:13

Health: -10/70     AC:  6    Str: 10    XL:     8   Next: 73%
Magic:  2/14       EV: 14    Int: 23    God:    Vehumet [*.....]
Gold:   277        SH:  0    Dex: 13    Spells: 8/15 levels left

rFire    . . .     SeeInvis .   x - +0 falchion (slice)
rCold    . . .     Gourm    .   (no shield)
rNeg     . . .     Faith    .   (armour unavailable)
rPois    .         Spirit   .   (helmet restricted)
rElec    .         Reflect  .   (no cloak)
rCorr    +         Harm     +   (no gloves)
MR       .....                  (no boots)
Stlth    ++........             v - amulet "Poab Laoxu" {Harm *Drain Int+6 Slay+3}
HPRegen  0.21/turn              o - ring of resist corrosion
MPRegen  0.14/turn              (no ring)

@: short of breath, very slightly contaminated, invisible
A: breathe steam, unfitting armour, cold-blooded, AC +6
a: Breathe Steam, Renounce Religion


You were on level 7 of the Dungeon.
You worshipped Vehumet.
Vehumet was aware of your devotion.
You were hungry.

You visited 2 branches of the dungeon, and saw 8 of its levels.
You also visited: Sewer.

You collected 367 gold pieces.
You spent 90 gold pieces at shops.

Inventory:

Hand Weapons
 a - a +0 hand axe
 x - a +0 falchion of slicing (weapon)
Missiles
 h - 339 stones (quivered)
 u - 6 tomahawks
Jewellery
 o - a ring of resist corrosion (left hand)
 v - the amulet "Poab Laoxu" (around neck) {Harm *Drain Int+6 Slay+3}
   (You found it on level 4 of the Dungeon)

   [amulet of harm]

   It increases damage dealt and taken.
   It affects your intelligence (+6).
   It affects your accuracy and damage with ranged weapons and melee attacks
   (+3).
   It causes draining when unequipped.
Wands
 y - a wand of flame (23)
Scrolls
 d - 3 scrolls of teleportation
 e - a scroll of enchant weapon {unknown}
 k - 2 scrolls of remove curse
 l - a scroll of amnesia {unknown}
 p - a scroll of noise {unknown}
 r - a scroll of random uselessness {unknown}
 s - a scroll of acquirement {unknown}
 t - 2 scrolls of magic mapping
Potions
 c - a potion of resistance
 f - 3 potions of agility
 i - 4 potions of brilliance
 j - a potion of heal wounds {unknown}
 m - 4 potions of curing
 n - a potion of invisibility
 q - a potion of lignification {unknown}
 A - a potion of haste {unknown}
Miscellaneous
 w - a phantom mirror
Comestibles
 b - 12 rations


   Skills:
 + Level 5.8 Fighting
 + Level 3.8 Dodging
 - Level 1.7 Stealth
 - Level 4.0 Spellcasting
 - Level 8.0 Conjurations
 - Level 4.4 Evocations


You had 8 spell levels left.
You knew the following spells:

 Your Spells              Type           Power        Failure   Level  Hunger
a - Magic Dart            Conj           ####         1%          1    None
b - Searing Ray           Conj           #####.       1%          2    #......
c - Iskenderun's Mystic   Conj           #####...     3%          4    ####...

Your spell library contained the following spells:

 Spells                   Type           Power        Failure   Level  Hunger
 Sandblast                Erth           #.....       11%         1    None
 Dazzling Spray           Conj/Hex       ###...       6%          3    ##.....
 Confusing Touch          Hex            #.....       11%         1    None
 Corona                   Hex            #......      11%         1    None
 Ensorcelled Hibernation  Hex/Ice        #.....       16%         2    #......
 Force Lance              Conj/Tloc      ###.....     21%         4    ####...
 Fulminant Prism          Conj/Hex       ###.......   21%         4    ####...
 Confuse                  Hex            #.......     30%         3    ##.....
 Gell's Gravitas          Tloc           #.........   30%         3    ##.....
 Tukima's Dance           Hex            #.......     30%         3    ##.....
 Petrify                  Tmut/Erth      #.......     71%         4    ####...
 Metabolic Englaciation   Hex/Ice        #.........   96%         5    ######.
 Yara's Violent Unravell  Hex/Tmut       #.........   96%         5    ######.


Dungeon Overview and Level Annotations

Branches:
Dungeon (7/15)             Temple (1/1) D:5

Altars:
Ashenzari
Cheibriados
Elyvilon
Fedhas
Gozag
Kikubaaqudgha
Makhleb
Nemelex Xobeh
Okawaru
Qazlal
Ru
Trog
Uskayaw
Vehumet
Wu Jian
Xom
Yredelemnul
Zin
The Shining One

Shops:
D:6 *=

Annotations:
D:7 Duvessa


Innate Abilities, Weirdness & Mutations

You can breathe blasts of scalding, opaque steam.
Your pale cyan-grey scales are hard. (AC +6)
You cannot fit into any form of body armour.
You are cold-blooded and may be slowed by cold attacks.


Message History

You feel better. Duvessa misses you.
You riposte.
You hit Duvessa but do no damage.
Duvessa is severely wounded.
Duvessa hits you with a +4 short sword of protection!
* * * LOW HITPOINT WARNING * * *
A wight comes into view. It is wielding a +1 hand axe.
You have got your breath back.
Duvessa rages.
A wight comes into view. It is wielding a +2 dagger of venom.
A centaur comes into view.
A scorpion comes into view.
Duvessa hits you with a +4 short sword of protection.
* * * LOW HITPOINT WARNING * * *
Found 11 gold pieces.
Found a stone staircase leading down.
Press: ? - help, Shift-Dir - straight line, f - Duvessa
Aim: Duvessa, wielding a +4 short sword of protection and wearing a +2 ring mail of fire resistance (severely wounded, berserk, fast, unusually strong)
You exhale a blast of scalding steam.
The ball of steam misses Duvessa.
You feel somewhat more hungry.
Duvessa hits you with a +4 short sword of protection!
You die...

##### #...#
####### #.#.#
#<....#
####.#.########.#
#..).#..........#
#.###############
######e#....$..
.zz.....@......>
.#####..........
#..##..##.# #c..
.... ..#. ....#
... . ##### #.##
.. s.


You could see Duvessa (berserk), a centaur (wandering), a scorpion (wandering)
and 2 wights.

Vanquished Creatures
  2 sky beasts
  An orc warrior (D:6)
  A centaur (D:5)
  Blork the orc (D:5)
  3 bullfrogs
  A scorpion (D:5)
  Dowan (D:7)
  A howler monkey (D:6)
  2 crimson imps (D:5)
  A bullfrog zombie (D:5)
  4 hounds
  4 orc priests
  An orc wizard (D:3)
  A centaur skeleton (D:5)
  An iguana (D:5)
  7 worker ants
  4 gnolls (D:5)
  15 adders
  A shadow imp (D:5)
  An ooze (D:5)
  An adder skeleton (D:4)
  6 worms
  A dart slug (D:1)
  7 leopard geckos
  19 orcs
  2 bat zombies (D:3)
  15 giant cockroaches
  12 hobgoblins
  2 jackals (D:2)
  5 kobolds
  2 quokkas (D:3)
  2 ball pythons (Sewer)
  15 bats
  10 frilled lizards
  11 goblins
  A leopard gecko skeleton (D:7)
  A quokka skeleton (D:4)
  10 rats
175 creatures vanquished.

Notes
Turn   | Place    | Note
-------+----------+-------------------------------------------
     0 | D:1      | tilp the Draconian Conjurer began the quest for the Orb.
     0 | D:1      | Reached XP level 1. HP: 14/14 MP: 3/3
   383 | D:1      | Reached XP level 2. HP: 20/20 MP: 3/5
   951 | D:1      | Reached skill level 5 in Conjurations
   951 | D:1      | Reached XP level 3. HP: 26/26 MP: 1/6
  1673 | D:2      | Reached XP level 4. HP: 19/33 MP: 2/7
  1681 | D:2      | Learned a level 2 spell: Searing Ray
  1977 | D:2      | Found a hide-covered altar of Uskayaw.
  2256 | D:2      | Found a white marble altar of Elyvilon.
  2279 | D:2      | Reached skill level 6 in Conjurations
  2619 | D:3      | Found a stormy altar of Qazlal.
  2890 | D:3      | Reached XP level 5. HP: 38/38 MP: 2/8
  3320 | D:3      | Reached skill level 7 in Conjurations
  3657 | D:3      | Found Zin's Purification Station.
  3660 | D:3      | Found a glowing silver altar of Zin.
  3665 | D:3      | Bought a potion of curing for 90 gold pieces
  3709 | D:3      | Found an ancient bone altar of Kikubaaqudgha.
  3805 | D:4      | Got a vibrating silver amulet
  3814 | D:4      | Reached XP level 6. HP: 41/45 MP: 3/9
  3989 | D:4      | Found a glowing drain.
  3993 | Sewer    | Entered a sewer
  4466 | Sewer    | Reached skill level 8 in Conjurations
  4724 | Sewer    | Identified the amulet "Poab Laoxu" {Harm *Drain Int+6
                  | Slay+3} (You found it on level 4 of the Dungeon)
  5019 | D:4      | Your scales start taking on a pale cyan-grey colour.
  5019 | D:4      | Reached XP level 7. HP: 50/50 MP: 7/11
  5429 | D:5      | Entered Level 5 of the Dungeon
  5474 | D:5      | Found a staircase to the Ecumenical Temple.
  5483 | D:5      | Reached skill level 1 in Fighting
  5489 | Temple   | Entered the Ecumenical Temple
  5553 | Temple   | Became a worshipper of Vehumet
  6140 | D:5      | Reached XP level 8. HP: 66/66 MP: 14/14
  6184 | D:5      | Found a glowing golden altar of the Shining One.
  6716 | D:5      | Noticed Blork the orc
  6720 | D:5      | Killed Blork the orc
  7553 | D:6      | Found Geigicsa's Jewellery Shoppe.
  7563 | D:6      | Found a snail-covered altar of Cheibriados.
  7569 | D:6      | Reached * piety under Vehumet
  7569 | D:6      | Offered knowledge of Sandblast by Vehumet.
  7701 | D:6      | Reached skill level 5 in Fighting
  7767 | D:6      | Found a sparkling altar of Nemelex Xobeh.
  7852 | D:6      | Found an iron altar of Okawaru.
  7968 | D:6      | Found Yxuest's Assorted Antiques.
  8101 | D:6      | Learned a level 4 spell: Iskenderun's Mystic Blast
  8166 | D:7      | Noticed Duvessa
  8166 | D:7      | Noticed Dowan
  8178 | D:7      | Killed Dowan
  8189 | D:7      | Mangled by Duvessa

Levels and vault maps discovered:
D:1:      dpeg_arrival_subterranean_lakeside_camping, layout_basic
D:2:      layout_loops_ring, nicolae_overflow_crystal_walls,
          overflow_temple_1_default
D:3:      layout_rooms, zin_purify, nicolae_qazlal_general_emergency,
          lemuel_zombie_altar_kikubaaqudgha
D:4:      layout_loops_corners, gup_sewer_entry_bowl
D:5:      minmay_recursive_quarters, layout_basic, tso_metal_star,
          minmay_temple_entry_junction, first_ration, kennysheep_generic_room_4,
          uniq_blork_the_orc
D:6:      layout_basic, lemuel_round_altar, overflow_temple_1_default,
          slow_altar_1, serial_shops, nicolae_shop_stone, shop
D:7:      layout_basic, kennysheep_mini, uniq_duvessa
Temple:   jpeg_temple_alley_garden
Sewer:    sewer_frog_island_01

Skill      XL: |  1  2  3  4  5  6  7  8 |
---------------+-------------------------+-----
Conjurations   | 5 6 7 8 |  8.0
Spellcasting   | 3 4 |  4.0
Fighting       | 4 5 |  5.8
Evocations     | 2 4 |  4.4
Dodging        | 3 |  3.8
Stealth        | |  1.7

Action                   |  1- 3 |  4- 6 |  7- 9 || total
-------------------------+-------+-------+-------++-------
Melee: Hand axe          |    48 |    31 |    20 ||    99
       Tailslap          |     6 |     1 |     3 ||    10
       Falchion          |       |       |     8 ||     8
 Cast: Magic Dart        |    79 |   135 |    29 ||   243
       Searing Ray       |       |    14 |    21 ||    35
 Abil: Breathe Steam     |       |       |    14 ||    14
  Use: Scroll            |       |     5 |     9 ||    14
       Potion            |       |       |     2 ||     2
 Stab: Sleeping          |       |       |     3 ||     3
  Eat: Chunk             |     4 |    14 |    10 ||    28
Armor: Skin              |    40 |    20 |     8 ||    68
Dodge: Dodged            |    69 |    54 |    32 ||   155
       Rpst.: Falchion   |       |       |     4 ||     4

Table legend:
 A = Non-vault XP
 B = Vault XP
 C = Vault XP percentage of total XP
 D = Non-vault monster count
 E = Vault monster count
 F = Vault count percentage of total count
                 A         B        C        D         E       F
            +---------+---------+-------+---------+---------+-------
      Total |    1648 |     789 |  32.4 |     135 |      40 |  22.9
            +---------+---------+-------+---------+---------+-------
        D:1 |      77 |       7 |   8.3 |      37 |       6 |  14.0
        D:2 |      77 |       0 |   0.0 |      22 |       0 |   0.0
        D:3 |     187 |       4 |   2.1 |      29 |       2 |   6.5
        D:4 |     170 |      12 |   6.6 |       7 |       4 |  36.4
        D:5 |     484 |     437 |  47.4 |      24 |       7 |  22.6
        D:6 |     652 |       5 |   0.8 |      15 |       1 |   6.2
        D:7 |       1 |      69 |  98.6 |       1 |       1 |  50.0
      Sewer |       0 |     255 | 100.0 |       0 |      19 | 100.0
            +---------+---------+-------+---------+---------+-------
